 Dungeon Crawl Stone Soup version 0.27-a0-1525-g1038ab4fd7 (webtiles) character file.

Game seed: 5694196154167944740

1698 bilbop the Sneak (level 9, -7/52 HPs)
             Began as a Kobold Summoner on July 10, 2021.
             Was a Priest of Wu Jian.
             Mangled by Harold (20 damage)
             ... on level 7 of the Dungeon.
             The game lasted 00:43:22 (9344 turns).

bilbop the Sneak (Kobold Summoner)                  Turns: 9344, Time: 00:43:23

Health: -7/52      AC:  4    Str:  5    XL:     9   Next: 23%
Magic:  20/25      EV:  9    Int: 22    God:    Wu Jian [***...]
Gold:   198        SH:  0    Dex: 17    Spells: 11/17 levels left

rFire    . . .     SeeInvis .   a - +1 dagger (venom)
rCold    . . .     Faith    .   (shield restricted)
rNeg     . . .     Spirit   .   i - +1 robe {rPois}
rPois    +         Reflect  .   (no helmet)
rElec    .         Harm     .   k - scarf {repulsion}
rCorr    .         Rampage  .   j - +0 pair of gloves
Will     .....                  (no boots)
Stlth    ++++......             (no amulet)
HPRegen  0.17/turn              x - ring of Departure {MP+9 Int+4}
MPRegen  0.19/turn              (no ring)

@: marked, held, repel missiles
A: small, no large weapons, nightstalker 3
a: Renounce Religion, Wall Jump, Serpent's Lash


You were on level 7 of the Dungeon.
You worshipped Wu Jian.
Wu Jian was most pleased with you.
You visited 1 branch of the dungeon, and saw 7 of its levels.

You collected 333 gold pieces.
You spent 135 gold pieces at shops.

Inventory:

Hand Weapons
 a - a +1 dagger of venom (weapon)
 d - a +0 rapier
 w - a +0 dagger
Armour
 b - a +0 robe
 i - a +1 robe of poison resistance (worn)
 j - a +0 pair of gloves (worn)
 k - a scarf of repulsion (worn)
Jewellery
 x - the ring of Departure (left hand) {MP+9 Int+4}
   (You found it on level 6 of the Dungeon)

   [ring of magical power]

   Int:       It affects your intelligence (+4).
   MP:        It affects your magic capacity (+9).
 y - a ring of protection from fire
Wands
 l - a wand of acid (13)
 s - a wand of flame (14)
Scrolls
 c - 2 scrolls of amnesia {unknown}
 e - 4 scrolls of identify {unknown}
 g - 5 scrolls of teleportation
 n - a scroll of vulnerability {unknown}
 o - a scroll of fear {unknown}
 p - a scroll of brand weapon {unknown}
 r - a scroll of enchant weapon {unknown}
 t - a scroll of blinking {unknown}
 u - 2 scrolls of immolation {unknown}
 z - a scroll of acquirement {unknown}
Potions
 f - a potion of haste
 h - a potion of degeneration
 m - a potion of lignification
 q - a potion of berserk rage {unknown}
 v - a potion of flight {unknown}


   Skills:
 + Level 4.3 Fighting
 + Level 5.2 Short Blades
 + Level 5.5 Dodging
 + Level 6.5 Stealth
 + Level 4.7 Spellcasting
 + Level 5.8 Summonings
 + Level 4.2 Invocations


You had 11 spell levels left.
You knew the following spells:

 Your Spells              Type           Power      Damage    Failure   Level
a - Summon Small Mammal   Summ           100%       N/A       1%          1
b - Call Imp              Summ           31%        N/A       1%          2
c - Call Canine Familiar  Summ           31%        N/A       2%          3

Your spell library contained the following spells:

 Spells                   Type           Power      Damage    Failure   Level
 Summon Guardian Golem    Hex/Summ       18%        N/A       10%         3
 Corpse Rot               Necr/Air       N/A        N/A       16%         2
 Poisonous Vapours        Pois/Air       10%        N/A       16%         2
 Mephitic Cloud           Conj/Pois/Air  5%         N/A       30%         3
 Portal Projectile        Hex/Tloc       10%        N/A       30%         3
 Summon Lightning Spire   Summ/Air       18%        N/A       30%         4
 Dispel Undead            Necr           5%         3d7       71%         4
 Blade Hands              Tmut           2%         N/A       96%         5
 Excruciating Wounds      Necr           2%         N/A       96%         5
 Freezing Cloud           Conj/Ice/Air   2%         6-21      96%         5
 Death Channel            Necr           2%         N/A       100%        6


Dungeon Overview and Level Annotations

Branches:
Dungeon (7/15)
 Temple: D:4-7

Altars:
Ru
Wu Jian

Shops:
D:5 *

Annotations:
D:7 Harold


Innate Abilities, Weirdness & Mutations

You are small and have problems with some larger weapons.
You are completely attuned to the shadows.


Message History

You hit Harold but do no damage.
Harold is heavily wounded.
Your hound bites Harold but does no damage.
You hit Harold.
Harold looks as sick as possible!
Harold is heavily wounded.
Harold drinks a potion.
Harold flickers and vanishes!
Deactivating autopickup; reactivate with Ctrl-A.
Your hound bites something but does no damage.
You hit something but do no damage.
Your hound bites something.
Something barely misses your hound. Something hits you. Something burns you.
You barely miss something.
Your hound bites something but does no damage.
Something hits your hound. Something burns your hound. Something hits you!
Something burns you.
You barely miss something.
Your hound bites something.
You closely miss something.
Your hound bites something but does no damage.
Something hits your hound. Something burns your hound. Something hits you!
* * * LOW HITPOINT WARNING * * *
Something burns you.
* * * LOW HITPOINT WARNING * * *
You hit something but do no damage.
Your hound bites something but does no damage.
You hear some strange, mumbled words.
A sentinel's mark forms upon you.
You swap places.
Your hound bites something. x2; Something hits your hound!
Something burns your hound.
Your hound dies!
Your hound's corpse disappears in a puff of smoke!
Something misses your crimson imp. Something hits your crimson imp!
Your crimson imp dies!
Casting: Call Imp (safe; 1% risk of failure)
Confirm with . or Enter, or press ? or * to list all spells.
You hear a shout!
A throwing net appears from out of thin air!
The throwing net hits you.
You become entangled in the net!
You struggle against the net.
You struggle against the net.
Something hits you!!
You die...

+........#.#......#
#....#.....####.###
##....#...#..##...##
##....)....# #..≈..####
#........#.#....≈≈≈....#
.####.##.......#..≈..#.(##
..#.#.###..... ##...##.†[#
.......#..# ##.####..#
##......@# .. ..#...
####...h.... ......
#.##..... ...... ..###....
...#.. ##.# .... ......
.##... ##.. ##. ....


You could see a friendly hound (summoned).

Vanquished Creatures
  Edmund (D:6)
  A black bear (D:6)
  2 sky beasts
  A necrophage (D:6)
  An ogre (D:4)
  A bullfrog (D:7)
  A scorpion (D:6)
  A jelly (D:6)
  A hound (D:6)
  2 orc priests
  2 bullfrog skeletons (D:6)
  8 iguanas
  An orc wizard (D:6)
  6 adders
  A shadow imp (D:6)
  A white imp (D:6)
  3 worms
  2 dart slugs (D:1)
  7 orcs
  6 bats
  6 endoplasms
  2 giant cockroaches (D:1)
  5 goblins
  3 hobgoblins
  6 jackals
  2 kobolds
  A quokka (D:1)
  9 ball pythons
  A frilled lizard (D:3)
  4 rats
88 creatures vanquished.

Vanquished Creatures (collateral kills)
  Eustachio (D:6)
  3 ice beasts
  An ogre (D:5)
  2 phantoms
  A scorpion (D:5)
  A nameless horror (D:6)
  2 orc priests (D:3)
  An iguana (D:5)
  An orc wizard (D:6)
  A hound skeleton (D:4)
  An adder (D:5)
  An adder skeleton (D:4)
  A worm (D:3)
  A dart slug (D:3)
  8 orcs
  An endoplasm (D:4)
  2 giant cockroaches
  A goblin (D:4)
  4 hobgoblins
  3 jackals
  A kobold (D:4)
  A bat (D:2)
  A frilled lizard (D:1)
  2 rats
42 creatures vanquished.

Grand Total: 130 creatures vanquished

Notes
Turn   | Place    | Note
-------+----------+-------------------------------------------
     0 | D:1      | bilbop the Kobold Summoner began the quest for the Orb.
     0 | D:1      | Reached XP level 1. HP: 10/10 MP: 3/3
    14 | D:1      | Found a faded altar of an unknown god.
    19 | D:1      | Became a worshipper of the Wu Jian Council
    19 | D:1      | Reached * piety under Wu Jian
   214 | D:1      | Reached XP level 2. HP: 15/15 MP: 5/5
   248 | D:1      | Reached skill level 3 in Stealth
   249 | D:1      | Upgraded the game from 0.27-a0-1513-g2aaa0cc67b to
                  | 0.27-a0-1525-g1038ab4fd7
   294 | D:1      | Reached skill level 1 in Short Blades
   653 | D:1      | Reached XP level 3. HP: 20/20 MP: 6/6
   656 | D:1      | Learned a level 2 spell: Call Imp
  1609 | D:2      | Reached ** piety under Wu Jian
  1615 | D:2      | Reached skill level 1 in Fighting
  1615 | D:2      | Reached skill level 1 in Invocations
  1615 | D:2      | Reached XP level 4. HP: 25/25 MP: 7/7
  2908 | D:3      | Reached XP level 5. HP: 29/29 MP: 9/9
  3437 | D:3      | Found a sacrificial altar of Ru.
  3784 | D:3      | Reached XP level 6. HP: 35/35 MP: 10/10
  3921 | D:3      | Learned a level 3 spell: Call Canine Familiar
  3994 | D:4      | Reached skill level 4 in Stealth
  4239 | D:4      | Reached *** piety under Wu Jian
  4337 | D:4      | Noticed an ogre
  4341 | D:4      | Killed an ogre
  4342 | D:4      | Reached XP level 7. HP: 40/40 MP: 10/12
  4427 | D:4      | Found the +6 Majin-Bo {vamp, MP+6 Int+6}
  5020 | D:5      | Entered Level 5 of the Dungeon
  6373 | D:5      | Found Dompayr's Serpentskin Sales.
  6379 | D:5      | Reached skill level 5 in Summonings
  6379 | D:5      | Bought a +1 robe of poison resistance for 135 gold pieces
  6892 | D:6      | Reached skill level 5 in Stealth
  7133 | D:6      | Reached XP level 8. HP: 46/46 MP: 13/13
  7501 | D:6      | Noticed Eustachio
  7577 | D:6      | Killed Eustachio
  8011 | D:6      | Identified the ring of Departure {MP+9 Int+4}
  8298 | D:6      | Reached skill level 5 in Dodging
  8324 | D:6      | Reached skill level 6 in Stealth
  8502 | D:6      | Noticed Edmund
  8506 | D:6      | Killed Edmund
  8507 | D:6      | Reached skill level 5 in Short Blades
  8507 | D:6      | Reached XP level 9. HP: 29/52 MP: 15/15
  9322 | D:7      | Noticed Harold
  9344 | D:7      | Mangled by Harold

Illustrated notes

Levels and vault maps discovered:
D:1:      shiori_arrival_maze, layout_loops_corners,
          hellmonk_ecumenical_altar_lost_god, serial_forest,
          infiniplex_forest_clump_small, infiniplex_forest_clump_long,
          infiniplex_forest_corner_1, infiniplex_forest_lined_3,
          infiniplex_forest_lined_3, infiniplex_forest_clump_tiny,
          infiniplex_forest_straight_1, infiniplex_forest_lined_4_way,
          infiniplex_forest_straight_2, minmay_misc_feat_plants,
          grunt_decor_one_mirror, supply_closet_lemuel
D:2:      layout_rooms
D:3:      layout_basic, nicolae_ru_awakened_eye, hex_tiny, minivault_11
D:4:      layout_basic
D:5:      layout_rooms, guppyfry_shop_venom
D:6:      layout_basic, minmay_bent, uniq_eustachio, uniq_edmund
D:7:      layout_cave_pools, worldfamousw_hep_ancestral_shrine,
          lemuel_doored_altar, minmay_temple_entry_grid,
          amcnicky_mini_pool_small, uniq_crazy_yiuf_cottage, uniq_joseph,
          uniq_maggie, uniq_harold

Skill      XL: |  1  2  3  4  5  6  7  8 |
---------------+-------------------------+-----
Stealth        | 3 4 5 6 |  6.5
Short Blades   | 1 2 3 5 |  5.2
Fighting       | 1 2 3 4 |  4.3
Invocations    | 1 2 3 4 |  4.2
Dodging        | 3 4 5 |  5.5
Spellcasting   | 3 4 |  4.7
Summonings     | 5 |  5.8

Action                   |  1- 3 |  4- 6 |  7- 9 || total
-------------------------+-------+-------+-------++-------
Melee: Rapier            |     6 |       |       ||     6
       Unarmed           |     1 |       |       ||     1
       Dagger            |    54 |   122 |   188 ||   364
 Cast: Summon Small Mamm |    10 |     1 |       ||    11
       Call Imp          |     2 |    30 |    28 ||    60
       Call Canine Famil |       |       |    30 ||    30
Invok: Lunge             |    17 |    12 |    10 ||    39
       Whirlwind         |       |     3 |     3 ||     6
  Use: Potion            |       |       |     4 ||     4
       Scroll            |       |       |     1 ||     1
 Stab: Sleeping          |    25 |    21 |    19 ||    65
       Distracted        |     1 |     2 |     2 ||     5
Armor: Robe              |     4 |    11 |    16 ||    31
Dodge: Dodged            |    34 |    80 |   101 ||   215

Table legend: (Time is in decaauts)
 A = Elapsed time spent in this place.
 B = Non-inter-level travel time spent in this place.
 C = Inter-level travel time spent in this place.
 D = Time resting spent in this place.
 E = Time spent auto-exploring this place.
 F = Levels seen in this place.
 G = Mean time per level.
                   A        B        C        D        E       F      G
               +--------+--------+--------+--------+--------+-----+--------+
         Total |   9278 |   9051 |    227 |   2455 |   5494 |   7 | 1325.4 |
       Dungeon |   9278 |   9051 |    227 |   2455 |   5494 |   7 | 1325.4 |
               +--------+--------+--------+--------+--------+-----+--------+

Top non-repeatable levels by time:
     D:6: 2306 daAuts
     D:5: 1625 daAuts
     D:1: 1417 daAuts
     D:3: 1381 daAuts
     D:2: 1116 daAuts
     D:4: 1083 daAuts
     D:7: 347 daAuts
